 Dungeon Crawl Stone Soup version 0.30.0-5-g1a98f26d00 (webtiles) character file.

Game seed: 10653681194691029184

71 Jarnaxa the Trooper (level 4, -4/41 HPs)
             Began as a Hill Orc Monk on May 11, 2023.
             Slain by a worm (7 damage)
             ... on level 2 of the Dungeon.
             The game lasted 00:01:59 (878 turns).

Jarnaxa the Trooper (Hill Orc Monk)                  Turns: 878, Time: 00:02:00

Health: -4/41      AC: 11    Str: 15    XL:     4   Next: 24%
Magic:  4/4        EV:  4    Int: 10    God:
Gold:   53         SH:  0    Dex: 13    Spells: 3/3 levels left

rFire   . . .        a - +0 falchion
rCold   . . .        d - orb {light}
rNeg    . . .        i - +0 plate armour
rPois   .            (no helmet)
rElec   .            (no cloak)
rCorr   .            (no gloves)
SInv    .            g - +0 pair of boots
Will    .....        (no amulet) Stlth
                     (no ring)
HPRegen 0.26/turn    (no ring)
MPRegen 0.09/turn

%: no passive effects
@: mighty, glowing
A: no striking features
a: no special abilities


You were on level 2 of the Dungeon.
You visited 1 branch of the dungeon, and saw 2 of its levels.

You collected 53 gold pieces.

Inventory:

Hand Weapons
 a - a +0 falchion (weapon)
Armour
 d - an orb of light (worn)
 g - a +0 pair of boots (worn)
 i - a +0 plate armour (worn)
Jewellery
 b - a ring of protection from fire
Scrolls
 e - 2 scrolls of vulnerability {unknown}
 f - a scroll of enchant armour {unknown}
 j - a scroll of teleportation {unknown}
Potions
 c - a potion of ambrosia


   Skills:
 + Level 4.4 Fighting
 + Level 4.2 Long Blades
 + Level 0.7 Armour
 + Level 2.9 Dodging


You had 3 spell levels left.
You didn't know any spells.
Your spell library contained the following spells:

 Spells                   Type           Power      Damage    Failure   Level
 Kiss of Death            Conj/Necr      0%         2d5       100%        1
 Confusing Touch          Hex            0%         N/A       100%        3
 Dispel Undead            Necr           0%         3d6       100%        4


Dungeon Overview and Level Annotations

Branches:
Dungeon (2/15)

Altars:


Message History

You hit the worm but do no damage. The quokka bites you.
The adder bites you but does no damage.
A quokka comes into view.
The quokka bites you but does no damage.
You hit the worm.
The worm is moderately wounded.
The adder bites you but does no damage.
The quokka bites you but does no damage.
The worm bites you.
You slash the worm!
The worm is severely wounded.
The adder bites you but does no damage.
The quokka bites you but does no damage.
The worm bites you.
* * * LOW HITPOINT WARNING * * *
The adder bites you but does no damage.
It was a potion of might.
You feel very mighty all of a sudden. The quokka bites you.
* * * LOW HITPOINT WARNING * * *
The adder bites you but does no damage.
The quokka bites you but does no damage.
You slash the adder!
The adder is almost dead.
The adder bites you but does no damage. The worm bites you.
* * * LOW HITPOINT WARNING * * *
The quokka bites you but does no damage.
You slash the adder!
You kill the adder!
The quokka bites you but does no damage.
The worm bites you.
* * * LOW HITPOINT WARNING * * *
You closely miss the quokka. The quokka closely misses you.
The quokka bites you but does no damage. x2
The quokka bites you.
* * * LOW HITPOINT WARNING * * *
You closely miss the quokka.
The quokka bites you but does no damage. x2
The worm bites you!
You die...

....... .......
....... .. .......
... .......
...####### .......
.........##w.....$
$..>.....r@r......
...............$..
........<........?
..)..#............
.... #†(...#######
. #.)...# #######


You could see a worm and 2 quokkas.

Vanquished Creatures
  A howler monkey (D:2)
  An adder (D:2)
  A worm (D:2)
  A dart slug (D:1)
  An endoplasm (D:1)
  A giant cockroach (D:1)
  2 goblins
  2 hobgoblins (D:1)
  2 jackals (D:2)
  2 quokkas (D:1)
  A ball python (D:2)
  A frilled lizard (D:2)
  A kobold (D:1)
  3 rats
20 creatures vanquished.

Notes
Turn   | Place    | Note
-------+----------+-------------------------------------------
     0 | D:1      | Jarnaxa the Hill Orc Monk began the quest for the Orb.
     0 | D:1      | Reached XP level 1. HP: 19/19 MP: 1/1
   257 | D:1      | Reached XP level 2. HP: 25/27 MP: 2/2
   850 | D:2      | Noticed a howler monkey
   858 | D:2      | Reached XP level 3. HP: 31/33 MP: 3/3
   869 | D:2      | Reached XP level 4. HP: 17/41 MP: 4/4
   878 | D:2      | Slain by a worm

Illustrated notes

Levels and vault maps discovered:
D:1:      amcnicky_arrival_blooded_trapdoor, layout_loops_ring
D:2:      kb_forest_paths, layout_basic

Skill      XL: |  1  2  3 |
---------------+----------+-----
Fighting       | 4 |  4.4
Long Blades    | 4 |  4.2
Armour         | |  0.7
Dodging        | |  2.9

Action                     |  1- 3 |  4- 6 || total
---------------------------+-------+-------++-------
  Melee: Falchion          |    62 |     9 ||    71
    Use: Potion            |       |     1 ||     1
 Armour: Robe              |     6 |       ||     6
         Plate armour      |    24 |    16 ||    40
  Dodge: Dodged            |    24 |     2 ||    26
